Map: Traitor's Exile

Players

Rom

  • Race: Protoss Protoss
  • League: Master
  • Spawn Location: 6:00

xongnoc

  • Race: Terran Terran
  • Spawn Location: 5:00

PureLegacy - Winner!

  • Race: Terran Terran
  • Spawn Location: 9:00

LOADBLASTER - Winner!

  • Race: Terran Terran
  • League: Grandmaster
  • Spawn Location: 12:00

VOD

Have the link to the VOD?

Description

Time

  • Played on: Dec. 1, 2018, 11:20 a.m.
  • Length: 5:01
Show
View Real Time Build Order
Export as new Build Order

Rom Protoss 

Build Orders: Oracle Opening 

Get SALT Encoding   

  12  0:00  Probe  
  13  0:13  Probe  
  14  0:18  Pylon  
  14  0:25  Probe  
  15  0:34  Probe  
  15  0:39  Gateway  
  16  0:45  Probe  
  16  0:46  Assimilator  
  17  0:55  Probe  
  18  1:07  Probe  
  19  1:19  Probe  
  20  1:25  Assimilator  
  20  1:26  Cybernetics Core  
  20  1:29  Pylon  
  20  1:31  Probe  
  21  1:43  Probe  
  22  1:54  Adept  
  22  1:56  Probe  
  25  2:08  Stargate  
  25  2:09  Probe  
  26  2:22  Adept, Warp Gate  
  27  2:39  Nexus  
  27  2:49  Adept, Pylon  
  27  2:51  Oracle  
  29  3:07  Probe  
  27  3:24  Probe  
  25  3:42  Probe  
  26  3:50  Oracle, Pylon  
  26  3:53  Probe x2  
  28  4:02  Probe  
  31  4:05  Probe  
  33  4:10  Probe  
  34  4:17  Probe  
  34  4:22  Probe  
  36  4:27  Robotics Facility  
  36  4:32  Probe  
  36  4:34  Probe  
  38  4:44  Probe  
Show
View Real Time Build Order
Export as new Build Order

xongnoc Terran 

Build Orders: 1/1/1, Liberator Opening 

Get SALT Encoding   

  12  0:00  SCV  
  13  0:13  SCV  
  14  0:18  Supply Depot  
  14  0:25  SCV  
  15  0:31  Refinery  
  15  0:40  SCV  
  16  0:46  Barracks  
  16  0:52  SCV  
  17  0:58  Refinery  
  17  1:04  SCV  
  18  1:16  SCV  
  19  1:33  Reaper  
  19  1:37  Factory  
  19  1:38  Orbital Command  
  20  1:50  Supply Depot  
  20  2:04  SCV  
  20  2:05  Reaper  
  22  2:16  SCV  
  22  2:21  Hellion  
  25  2:25  Starport  
  25  2:28  SCV  
  26  2:39  Barracks Reactor  
  26  2:40  SCV  
  26  2:43  Hellion  
  29  2:48  Supply Depot  
  29  2:52  Liberator, SCV  
  30  3:04  SCV  
  31  3:09  Hellion  
  36  3:17  SCV  
  36  3:18  Marine x2  
  39  3:20  Supply Depot  
  39  3:40  Factory Tech Lab  
  39  3:42  Marine x2  
  39  3:44  Supply Depot  
  39  3:47  Engineering Bay  
  39  4:00  Marine x2  
  39  4:05  SCV  
  39  4:08  Siege Tank  
  43  4:15  Viking  
  45  4:22  SCV  
  42  4:34  SCV  
  42  4:37  Marine x2  
Show
View Real Time Build Order
Export as new Build Order

PureLegacy Terran - Winner!

Build Orders:  

Get SALT Encoding   

  12  0:01  SCV  
  13  0:13  SCV  
  14  0:18  Supply Depot  
  14  0:25  SCV  
  15  0:33  Refinery  
  15  0:41  SCV  
  16  0:46  Barracks  
  16  0:53  SCV  
  17  1:04  Barracks  
  17  1:18  Barracks  
  17  1:22  SCV  
  18  1:33  Reaper  
  19  1:40  Orbital Command  
  19  1:48  Refinery  
  19  1:52  Reaper  
  20  2:01  Supply Depot  
  20  2:08  Reaper  
  21  2:12  Reaper  
  21  2:15  SCV  
  23  2:24  Supply Depot  
  23  2:25  Reaper  
  24  2:32  SCV  
  25  2:40  Reaper  
  26  2:44  SCV  
  27  2:56  SCV  
  29  3:08  SCV  
  29  3:17  Command Center  
  29  3:20  SCV  
  29  3:21  Barracks Reactor  
  29  3:23  Barracks Tech Lab  
  28  3:27  Barracks Reactor  
  28  3:30  Engineering Bay  
  28  3:32  SCV  
  29  3:43  Marine  
  30  3:54  Factory  
  30  4:03  Marine x3  
  30  4:04  Marine x2  
  30  4:05  SCV  
  36  4:10  Missile Turret  
  36  4:16  Supply Depot  
  36  4:21  SCV  
  36  4:33  Orbital Command  
  36  4:39  SCV  
  39  4:59  Starport  
Show
View Real Time Build Order
Export as new Build Order

LOADBLASTER Terran - Winner!

Build Orders:  

Get SALT Encoding   

  12  0:00  SCV  
  13  0:13  SCV  
  14  0:18  Supply Depot  
  14  0:25  SCV  
  15  0:31  Refinery  
  15  0:39  SCV  
  16  0:45  Barracks  
  16  0:51  SCV  
  17  0:58  Refinery  
  17  1:04  SCV  
  18  1:16  SCV  
  19  1:33  Reaper, Orbital Command  
  20  1:42  Factory  
  20  1:52  Supply Depot  
  20  1:59  SCV  
  21  2:05  Reaper  
  22  2:11  SCV  
  23  2:23  SCV  
  23  2:26  Hellion  
  26  2:35  Command Center  
  26  2:37  Barracks Tech Lab  
  26  2:40  SCV  
  27  2:47  Hellion  
  27  2:50  Supply Depot  
  29  3:03  SCV  
  30  3:15  SCV  
  30  3:19  Mag-Field Accelerator  
  34  3:20  Cyclone  
  34  3:27  SCV  
  34  3:39  SCV  
  32  3:52  Cyclone, Orbital Command  
  32  3:54  Command Center  
  35  3:59  SCV  
  36  4:09  Barracks Reactor  
  34  4:11  SCV  
  35  4:20  SCV  
  35  4:23  SCV  
  40  4:32  SCV  
  40  4:33  Refinery  
  40  4:34  Refinery  
  40  4:35  SCV  
  42  4:38  Factory  
  42  4:44  SCV  
  43  4:47  SCV  
  43  4:50  Factory  
  44  4:53  Barracks Tech Lab  
Tags
 
Add a new tag
Caveats
  • Supply blocks, unpowered buildings, or Contaminate may cause inaccurate times.
  • Supply counts are checked every 10 seconds.